NCAA
IOWA HAWKEYES @ NORTHWESTERN WILDCATS
05/16/2027
 
TOP OF THE 1ST
Iowa Hawkeyes batting - Pitching for Northwestern Wildcats : LHP David Hartley
Pitching: LHP David Hartley
Batting: RHB Rick Suárez 0-0: Ground out 5-3 (Groundball, 56S)
Batting: RHB Jim Sharry 0-0: Swinging Strike
0-1: Swinging Strike
0-2: Strikes out looking
Batting: RHB Kelsey Scott 0-0: Ball
1-0: Called Strike
1-1: Foul Ball, location: 2F
1-2: Strikes out swinging
Top of the 1st over - 0 run(s), 0 hit(s), 0 error(s), 0 left on base; Iowa 0 - Northwestern 0
BOTTOM OF THE 1ST
Northwestern Wildcats batting - Pitching for Iowa Hawkeyes : RHP Dennis Montés
Pitching: RHP Dennis Montés
Batting: RHB Brian Martínez 0-0: Called Strike
0-1: Ball
1-1: Ball
2-1: Swinging Strike
2-2: Ball
3-2: Base on Balls
Batting: LHB Reynaldo Garza 0-0: Foul Ball, location: 2F
0-1: Foul Ball, location: 2F
0-2: Ball
1-2: Ball
2-2: Foul Ball, location: 2F
2-2: Foul Ball, location: 2F
2-2: Grounds into double play, 4-6-3 (Groundball, 4)
Batting: RHB Jim Martin 0-0: SINGLE (Flyball, 9LS)
Batting: RHB Lynn Johnson 0-0: Called Strike
0-1: Ball
1-1: Fielders Choice at 2nd, 6-4 (Groundball, 6)
Bottom of the 1st over - 0 run(s), 1 hit(s), 0 error(s), 0 left on base; Iowa 0 - Northwestern 0
TOP OF THE 2ND
Iowa Hawkeyes batting - Pitching for Northwestern Wildcats : LHP David Hartley
Batting: RHB Juan Escalante 0-0: Foul Ball, location: 2F
0-1: Ball
1-1: Ball
2-1: Called Strike
2-2: Foul Ball, location: 2F
2-2: Ball
3-2: Ground out 4-3 (Groundball, 4MS)
Batting: RHB Jim Jones 0-0: Swinging Strike
0-1: SINGLE (Groundball, 4MD)
Batting: RHB Ed Nygaard 0-0: Called Strike
0-1: Called Strike
0-2: Strikes out swinging
Batting: RHB Stephen Spence 0-0: Ball
1-0: Ball
2-0: Fly out, F5 (Popup, 5S)
Top of the 2nd over - 0 run(s), 1 hit(s), 0 error(s), 1 left on base; Iowa 0 - Northwestern 0
BOTTOM OF THE 2ND
Northwestern Wildcats batting - Pitching for Iowa Hawkeyes : RHP Dennis Montés
Batting: RHB Vicente Rosales 0-0: Foul Ball, location: 2F
0-1: Fly out, F8 (Flyball, 8LM)
Batting: RHB Alejandro Amador 0-0: Ball
1-0: Fly out, F7 (Flyball, 7S)
Batting: RHB Jared Chávez 0-0: Ball
1-0: Swinging Strike
1-1: Ball
2-1: Ball
3-1: Ground out 5-3 (Groundball, 25)
Bottom of the 2nd over - 0 run(s), 0 hit(s), 0 error(s), 0 left on base; Iowa 0 - Northwestern 0
TOP OF THE 3RD
Iowa Hawkeyes batting - Pitching for Northwestern Wildcats : LHP David Hartley
Batting: RHB Miguel López 0-0: Ground out 6-3 (Groundball, 6)
Batting: RHB Mike Russell 0-0: Called Strike
0-1: Ball
1-1: Foul Ball, location: 2F
1-2: Ball
2-2: Strikes out swinging
Batting: RHB Rick Suárez 0-0: Ball
1-0: Swinging Strike
1-1: Swinging Strike
1-2: Ball
2-2: Foul Ball, location: 2F
2-2: Foul Ball, location: 2F
2-2: Ball
3-2: Foul Ball, location: 2F
3-2: Foul Ball, location: 2F
3-2: Base on Balls
Pitching: RHP Bryan Caraballo
Batting: RHB Jim Sharry 0-0: Ball
1-0: Ball
2-0: Ball
3-0: Called Strike
3-1: Base on Balls
Rick Suárez to second
Batting: RHB Kelsey Scott 0-0: Called Strike
0-1: Foul Ball, location: 2F
0-2: Ball
1-2: Foul Ball, location: 2F
1-2: Ball
2-2: Fielders Choice at 2nd, 6-4 (Groundball, 6)
Top of the 3rd over - 0 run(s), 0 hit(s), 0 error(s), 1 left on base; Iowa 0 - Northwestern 0
BOTTOM OF THE 3RD
Northwestern Wildcats batting - Pitching for Iowa Hawkeyes : RHP Dennis Montés
Batting: SHB Jeff Fuller 0-0: Ball
1-0: Called Strike
1-1: Ball
2-1: Ball
3-1: Base on Balls
Pitching: RHP Marlon Rivers
Batting: RHB Steve Collier 0-0: Foul Ball, location: 2F
0-1: Ball
1-1: Swinging Strike
1-2: Ball
2-2: Foul Ball, location: 2F
2-2: Ball
3-2: Foul Ball, location: 2F
3-2: Foul Ball, location: 2F
3-2: Strikes out looking
Batting: RHB Brian Martínez 0-0: Ball
1-0: Called Strike
1-1: Foul Ball, location: 2F
1-2: Ball
2-2: Ball
3-2: Strikes out swinging
Batting: LHB Reynaldo Garza 0-0: Fly out, F8 (Flyball, 8RM)
Bottom of the 3rd over - 0 run(s), 0 hit(s), 0 error(s), 1 left on base; Iowa 0 - Northwestern 0
TOP OF THE 4TH
Iowa Hawkeyes batting - Pitching for Northwestern Wildcats : RHP Bryan Caraballo
Batting: RHB Juan Escalante 0-0: Ball
1-0: Ball
2-0: Foul Ball, location: 2F
2-1: SOLO HOME RUN (Flyball, 8LXD), Distance : 409 ft
Batting: RHB Jim Jones 0-0: Ball
1-0: Ball
2-0: Fly out, F9 (Flyball, 9LM)
Batting: RHB Ed Nygaard 0-0: SINGLE (Groundball, 6MD)
Batting: RHB Stephen Spence 0-0: Ball
1-0: Ball
2-0: Ball
3-0: Base on Balls
Ed Nygaard to second
Batting: RHB Miguel López 0-0: Ball
1-0: Ball
2-0: Ball
3-0: Base on Balls
Ed Nygaard to third
Stephen Spence to second
Batting: RHB Mike Russell 0-0: Foul Ball, location: 2F
0-1: SINGLE (Flyball, 8LS)
Ed Nygaard scores
Stephen Spence to third
Miguel López to second
Runner from 3rd tries for Home, SAFE, throw made home
Miguel López to third
Mike Russell to second
Batting: RHB Rick Suárez 0-0: Called Strike
0-1: Ball
1-1: SINGLE (Flyball, 8RM)
Miguel López scores
Mike Russell to third
Runner from 3rd tries for Home, SAFE, throw made home
Pitching: LHP Paul Pearson
Batting: RHB Jim Sharry 0-0: SINGLE (Groundball, 6MS) (infield hit)
Rick Suárez to second
Batting: RHB Kelsey Scott 0-0: Called Strike
0-1: Ball
1-1: Ball
2-1: Ball
3-1: 3-RUN HOME RUN (Line Drive, 7LD), Distance : 338 ft
Batting: RHB Juan Escalante 0-0: Ball
1-0: Ball
2-0: Ball
3-0: Base on Balls
Batting: RHB Jim Jones 0-0: Foul Ball, location: 2F
0-1: Swinging Strike
0-2: Foul Ball, location: 2F
0-2: Foul Ball, location: 2F
0-2: Ball
1-2: Ball
2-2: Strikes out swinging
Batting: RHB Ed Nygaard 0-0: Ball
1-0: Ball
2-0: Ball
3-0: Base on Balls
Juan Escalante to second
Batting: RHB Stephen Spence 0-0: Called Strike
0-1: Ball
1-1: Ball
2-1: Ball
3-1: Foul Ball, location: 2F
3-2: Strikes out swinging
Top of the 4th over - 8 run(s), 6 hit(s), 0 error(s), 2 left on base; Iowa 8 - Northwestern 0
BOTTOM OF THE 4TH
Northwestern Wildcats batting - Pitching for Iowa Hawkeyes : RHP Marlon Rivers
Batting: RHB Jim Martin 0-0: Ball
1-0: Ball
2-0: Called Strike
2-1: Swinging Strike
2-2: Foul Ball, location: 2F
2-2: Fly out, F9 (Flyball, 89S)
Batting: RHB Lynn Johnson 0-0: Called Strike
0-1: Ground out 6-3 (Groundball, 6)
Batting: RHB Vicente Rosales 0-0: Called Strike
0-1: Ball
1-1: Ball
2-1: Swinging Strike
2-2: Foul Ball, location: 2F
2-2: Ground out 6-3 (Groundball, 6)
Bottom of the 4th over - 0 run(s), 0 hit(s), 0 error(s), 0 left on base; Iowa 8 - Northwestern 0
TOP OF THE 5TH
Iowa Hawkeyes batting - Pitching for Northwestern Wildcats : LHP Paul Pearson
Batting: RHB Miguel López 0-0: Fly out, F9 (Line Drive, 9S)
Batting: RHB Cory Thompson 0-0: Ground out 5-3 (Groundball, 56S)
Batting: RHB Rick Suárez 0-0: Called Strike
0-1: Ball
1-1: Foul Ball, location: 2F
1-2: Strikes out swinging
Top of the 5th over - 0 run(s), 0 hit(s), 0 error(s), 0 left on base; Iowa 8 - Northwestern 0
BOTTOM OF THE 5TH
Northwestern Wildcats batting - Pitching for Iowa Hawkeyes : RHP Marlon Rivers
Batting: RHB Alejandro Amador 0-0: Called Strike
0-1: Foul Ball, location: 2F
0-2: Foul Ball, location: 2F
0-2: Ball
1-2: Foul Ball, location: 2F
1-2: Ball
2-2: Ball
3-2: Foul Ball, location: 2F
3-2: Foul Ball, location: 2F
3-2: Strikes out swinging
Batting: RHB Jared Chávez 0-0: Hit by Pitch
Batting: SHB Jeff Fuller 0-0: Ball
1-0: Ground out 3-1 (Groundball, 34S)
Jared Chávez to second
Batting: RHB Steve Collier 0-0: Ball
1-0: SINGLE (Flyball, 8LS)
Jared Chávez to third
Batting: RHB Brian Martínez 0-0: Ball
1-0: Called Strike
1-1: Ball
2-1: Ball
3-1: Base on Balls
Steve Collier to second
Batting: LHB Reynaldo Garza 0-0: Called Strike
0-1: Ball
1-1: Foul Ball, location: 2F
1-2: Fly out, F4 (Line Drive, 4)
Bottom of the 5th over - 0 run(s), 1 hit(s), 0 error(s), 3 left on base; Iowa 8 - Northwestern 0
TOP OF THE 6TH
Iowa Hawkeyes batting - Pitching for Northwestern Wildcats : LHP Paul Pearson
Batting: RHB Jim Sharry 0-0: SINGLE (Line Drive, 56D)
Batting: RHB Kelsey Scott 0-0: Ball
1-0: Foul Ball, location: 2F
1-1: Ball
Jim Sharry is caught stealing 2nd base
2-1: Swinging Strike
2-2: Ball
3-2: Fly out, F8 (Flyball, 8RM)
Batting: RHB Juan Escalante 0-0: Reached on error, E6 (Groundball, 6)
Batting: RHB Jim Jones 0-0: Called Strike
0-1: Ball
1-1: Ball
2-1: Called Strike
2-2: Ground out 5-3 (Groundball, 56S)
Top of the 6th over - 0 run(s), 1 hit(s), 1 error(s), 1 left on base; Iowa 8 - Northwestern 0
BOTTOM OF THE 6TH
Northwestern Wildcats batting - Pitching for Iowa Hawkeyes : RHP Marlon Rivers
Pitching: RHP Tony Hall
Batting: RHB Jim Martin 0-0: Ball
1-0: Called Strike
1-1: Swinging Strike
1-2: Ball
2-2: Ball
3-2: Foul Ball, location: 2F
3-2: Foul Ball, location: 2F
3-2: Foul Ball, location: 2F
3-2: Foul Ball, location: 2F
3-2: Foul Ball, location: 2F
3-2: Base on Balls
Batting: RHB Lynn Johnson 0-0: Ball
1-0: Ball
2-0: Foul Ball, location: 2F
2-1: Fly out, F7 (Line Drive, 78M)
Batting: RHB Vicente Rosales 0-0: Ball
1-0: Foul Ball, location: 2F
1-1: SINGLE (Line Drive, 6MD)
Jim Martin to second
Batting: RHB Alejandro Amador 0-0: Swinging Strike
0-1: Called Strike
0-2: Ball
1-2: Ball
2-2: Ball
3-2: SINGLE (Groundball, 56D)
Jim Martin to third
Vicente Rosales to second
Runner from 3rd tries for Home, SAFE, no throw
Batting: RHB Jared Chávez 0-0: Swinging Strike
0-1: Ball
1-1: Reached via error on a dropped throw, E4
Vicente Rosales to third
Alejandro Amador to second
Batting: SHB Jeff Fuller 0-0: Ball
1-0: Foul Ball, location: 2F
1-1: SINGLE (Groundball, 34D)
Vicente Rosales scores
Alejandro Amador to third
Jared Chávez to second
Batting: RHB Steve Collier 0-0: Swinging Strike
0-1: Ball
1-1: Ball
2-1: GRAND SLAM HOME RUN (Flyball, 9D), Distance : 349 ft
Pitching: LHP Scott White
Batting: RHB Brian Martínez 0-0: Ball
1-0: Ground out 6-3 (Groundball, 6)
Batting: LHB Reynaldo Garza 0-0: Ball
1-0: Swinging Strike
1-1: Ball
2-1: SINGLE (Line Drive, 7S)
Batting: RHB Jim Martin 0-0: Ball
1-0: Fly out, F8 (Flyball, 8RM)
Bottom of the 6th over - 6 run(s), 5 hit(s), 1 error(s), 1 left on base; Iowa 8 - Northwestern 6
TOP OF THE 7TH
Iowa Hawkeyes batting - Pitching for Northwestern Wildcats : LHP Paul Pearson
Pitching: RHP Miguel Gómez
Batting: RHB Ed Nygaard 0-0: Foul Ball, location: 2F
0-1: Foul Ball, location: 2F
0-2: Ball
1-2: Foul Ball, location: 2F
1-2: Strikes out swinging
Batting: RHB Stephen Spence 0-0: Called Strike
0-1: Foul Ball, location: 2F
0-2: Ball
1-2: Ball
2-2: Foul Ball, location: 2F
2-2: Ground out 5-3 (Groundball, 56S)
Batting: RHB Miguel López 0-0: Ball
1-0: Ball
2-0: Called Strike
2-1: Foul Ball, location: 2F
2-2: Foul Ball, location: 2F
2-2: Ground out 6-3 (Groundball, 6)
Top of the 7th over - 0 run(s), 0 hit(s), 0 error(s), 0 left on base; Iowa 8 - Northwestern 6
BOTTOM OF THE 7TH
Northwestern Wildcats batting - Pitching for Iowa Hawkeyes : LHP Scott White
Batting: RHB Lynn Johnson 0-0: Hit by Pitch
Batting: RHB Vicente Rosales 0-0: Called Strike
0-1: Foul Ball, location: 2F
0-2: Ball
1-2: Strikes out swinging
Batting: RHB Alejandro Amador 0-0: Ball
1-0: Ball
2-0: Foul Ball, location: 2F
2-1: Ball
Wild Pitch!
Lynn Johnson to second
3-1: Foul Ball, location: 2F
3-2: Ground out 6-3 (Groundball, 6)
Lynn Johnson to third
Batting: RHB Jared Chávez 0-0: Fly out, F8 (Flyball, 8LS)
Bottom of the 7th over - 0 run(s), 0 hit(s), 0 error(s), 1 left on base; Iowa 8 - Northwestern 6
TOP OF THE 8TH
Iowa Hawkeyes batting - Pitching for Northwestern Wildcats : RHP Miguel Gómez
Batting: RHB Cory Thompson 0-0: Ball
1-0: Called Strike
1-1: Foul Ball, location: 2F
1-2: Strikes out swinging
Batting: RHB Rick Suárez 0-0: Called Strike
0-1: Ball
1-1: Foul Ball, location: 2F
1-2: Ground out 5-3 (Groundball, 56S)
Batting: RHB Jim Sharry 0-0: Swinging Strike
0-1: Ball
1-1: SINGLE (Line Drive, 78S)
Pitching: RHP Drake Wilkinson
Batting: RHB Kelsey Scott 0-0: Ball
1-0: Foul Ball, location: 2F
1-1: Foul Ball, location: 2F
1-2: Strikes out swinging
Top of the 8th over - 0 run(s), 1 hit(s), 0 error(s), 1 left on base; Iowa 8 - Northwestern 6
BOTTOM OF THE 8TH
Northwestern Wildcats batting - Pitching for Iowa Hawkeyes : LHP Scott White
Batting: SHB Jeff Fuller 0-0: Ball
1-0: Foul Ball, location: 2F
1-1: Ball
2-1: Ball
3-1: Swinging Strike
3-2: Foul Ball, location: 2F
3-2: Base on Balls
Batting: RHB Steve Collier 0-0: Ball
1-0: Foul Ball, location: 2F
1-1: Ball
2-1: Called Strike
2-2: Strikes out swinging
Batting: RHB Brian Martínez 0-0: Called Strike
0-1: Called Strike
0-2: Ball
1-2: Ball
2-2: Strikes out looking
Batting: LHB Reynaldo Garza 0-0: Ball
1-0: Fly out, F8 (Flyball, 8LS)
Bottom of the 8th over - 0 run(s), 0 hit(s), 0 error(s), 1 left on base; Iowa 8 - Northwestern 6
TOP OF THE 9TH
Iowa Hawkeyes batting - Pitching for Northwestern Wildcats : RHP Drake Wilkinson
Batting: RHB Juan Escalante 0-0: Foul Ball, location: 2F
0-1: Foul Ball, location: 2F
0-2: Strikes out swinging
Batting: RHB Jim Jones 0-0: Ball
1-0: SOLO HOME RUN (Flyball, 7D), Distance : 352 ft
Batting: RHB Ed Nygaard 0-0: Swinging Strike
0-1: Ball
1-1: Called Strike
1-2: Ball
2-2: Foul Ball, location: 2F
2-2: Ball
3-2: Base on Balls
Pitching: RHP Kevin Compton
Batting: RHB Stephen Spence 0-0: Ball
1-0: Ball
2-0: Foul Ball, location: 2F
2-1: SINGLE (Flyball, 8LS)
Ed Nygaard to second
Batting: RHB Miguel López 0-0: Swinging Strike
0-1: Ball
1-1: Ball
2-1: Foul Ball, location: 2F
2-2: Strikes out swinging
Batting: RHB Cory Thompson 0-0: Ball
1-0: Called Strike
1-1: Called Strike
1-2: Ball
2-2: Foul Ball, location: 2F
2-2: Ball
3-2: Strikes out swinging
Top of the 9th over - 1 run(s), 2 hit(s), 0 error(s), 2 left on base; Iowa 9 - Northwestern 6
BOTTOM OF THE 9TH
Northwestern Wildcats batting - Pitching for Iowa Hawkeyes : LHP Scott White
Pitching: RHP Ryan Berry
Batting: RHB Jim Martin 0-0: Ball
1-0: Swinging Strike
1-1: SOLO HOME RUN (Flyball, 78XD), Distance : 380 ft
Batting: RHB Lynn Johnson 0-0: Ball
1-0: Ground out 5-3 (Groundball, 56)
Batting: RHB Vicente Rosales 0-0: Swinging Strike
0-1: Ball
1-1: Swinging Strike
1-2: Foul Ball, location: 2F
1-2: Ground out 5-3 (Groundball, 56)
Batting: RHB Alejandro Amador 0-0: Ball
1-0: Called Strike
1-1: Ball
2-1: Ball
3-1: Ground out 4-3 (Groundball, 4M)
Bottom of the 9th over - 1 run(s), 1 hit(s), 0 error(s), 0 left on base; Iowa 9 - Northwestern 7
Thursday, March 30th, 2017 - OOTP Baseball 17.12 Build 75